MLB
WASHINGTON NATIONALS @ ATLANTA BRAVES
03/02/2068
 
TOP OF THE 1ST
Washington Nationals batting - Pitching for Atlanta Braves : RHP Josh Jackson
Pitching: RHP Josh Jackson
Batting: LHB Matt Garrett 0-0: Ball
1-0: Foul Ball, location: 2F
1-1: Swinging Strike
1-2: Strikes out looking
Batting: RHB Jesse Ebert 0-0: SINGLE (Line Drive, 89M, EV 104.4 MPH)
Batting: LHB Ryan Levine 0-0: Called Strike
0-1: Ball
1-1: Called Strike
1-2: Ball
2-2: Strikes out looking
Batting: LHB Brian Priddy 0-0: Foul Ball, location: 2F
0-1: Fly out, F7 (Flyball, 7, EV 92.5 MPH)
Top of the 1st over - 0 runs, 1 hit, 0 errors, 1 left on base; Washington 0 - Atlanta 0
BOTTOM OF THE 1ST
Atlanta Braves batting - Pitching for Washington Nationals : RHP Brian Stafford
Pitching: RHP Brian Stafford
Batting: SHB Victor Cortes 0-0: Called Strike
0-1: Ball
1-1: Swinging Strike
1-2: Strikes out looking
Batting: RHB Aaron Moore 0-0: Swinging Strike
0-1: Foul Ball, location: 2F
0-2: Ball
1-2: Ball
2-2: Ground out 5-3 (Groundball, 56, EV 89.4 MPH)
Batting: LHB Sam Steede 0-0: Ball
1-0: Foul Ball, location: 2F
1-1: Called Strike
1-2: Foul Ball, location: 2F
1-2: Ground out 6-3 (Groundball, 6, EV 88.1 MPH)
Bottom of the 1st over - 0 runs, 0 hits, 0 errors, 0 left on base; Washington 0 - Atlanta 0
TOP OF THE 2ND
Washington Nationals batting - Pitching for Atlanta Braves : RHP Josh Jackson
Batting: LHB Ryan Stump 0-0: Ball
1-0: Ball
2-0: Ball
3-0: Called Strike
3-1: SINGLE (Groundball, 34D, EV 106.2 MPH) (infield hit)
Batting: RHB John Jackson 0-0: Foul Ball, location: 2F
0-1: SINGLE (Popup, 5D, EV 62.5 MPH)
Ryan Stump to second
Batting: RHB Jason Chene 0-0: Ball
1-0: Called Strike
1-1: Ball
2-1: Swinging Strike
2-2: Foul Ball, location: 2F
2-2: Ball
3-2: Ground out 6-3 (Groundball, 6MS, EV 70.0 MPH)
Ryan Stump to third
John Jackson to second
Batting: RHB Guillermo Torres 0-0: Called Strike
0-1: Called Strike
0-2: Foul Ball, location: 2F
0-2: Strikes out looking
Batting: RHB Sergio Guadiana 0-0: Ball
1-0: Called Strike
1-1: Ball
2-1: Ball
3-1: Base on Balls
Batting: LHB Matt Garrett 0-0: SINGLE (Line Drive, 8LS, EV 105.6 MPH)
Ryan Stump scores
John Jackson to third
Sergio Guadiana to second
Batting: RHB Jesse Ebert 0-0: Swinging Strike
0-1: Ball
1-1: Called Strike
1-2: Foul Ball, location: 2F
1-2: Ball
2-2: Foul Ball, location: 2F
2-2: Ground out 1-3 (Groundball, 34S, EV 69.4 MPH)
Top of the 2nd over - 1 run, 3 hits, 0 errors, 3 left on base; Washington 1 - Atlanta 0
BOTTOM OF THE 2ND
Atlanta Braves batting - Pitching for Washington Nationals : RHP Brian Stafford
Batting: RHB Mike Kelly 0-0: Called Strike
0-1: Called Strike
0-2: Ball
1-2: Ball
2-2: Ball
3-2: Ground out 6-3 (Groundball, 6, EV 96.2 MPH)
Batting: LHB Ron Wilbanks 0-0: Foul Ball, location: 2F
0-1: Swinging Strike
0-2: Ball
1-2: Ball
2-2: Strikes out swinging
Batting: RHB Bobby Sigman 0-0: Called Strike
0-1: Ball
1-1: Ground out 5-3 (Groundball, 5L, EV 103.1 MPH)
Bottom of the 2nd over - 0 runs, 0 hits, 0 errors, 0 left on base; Washington 1 - Atlanta 0
TOP OF THE 3RD
Washington Nationals batting - Pitching for Atlanta Braves : RHP Josh Jackson
Batting: LHB Ryan Levine 0-0: Called Strike
0-1: Foul Ball, location: 2F
0-2: Foul Ball, location: 2F
0-2: Ball
1-2: Foul Ball, location: 2F
1-2: Ball
2-2: Fly out, F9 (Flyball, 89M, EV 88.8 MPH)
Batting: LHB Brian Priddy 0-0: Ball
1-0: Ball
2-0: Ball
3-0: Called Strike
3-1: Foul Ball, location: 2F
3-2: Ground out U3 (Groundball, 34, EV 86.2 MPH)
Batting: LHB Ryan Stump 0-0: Swinging Strike
0-1: Foul Ball, location: 2F
0-2: Foul Ball, location: 2F
0-2: Ball
1-2: Foul Ball, location: 2F
1-2: Strikes out looking
Top of the 3rd over - 0 runs, 0 hits, 0 errors, 0 left on base; Washington 1 - Atlanta 0
BOTTOM OF THE 3RD
Atlanta Braves batting - Pitching for Washington Nationals : RHP Brian Stafford
Batting: RHB Nimulodi Adebayo 0-0: Ball
1-0: Ball
2-0: SINGLE (Groundball, 56D, EV 108.8 MPH)
Batting: RHB Willie Aliaga 0-0: Grounds into double play, 4-6-3 (Groundball, 4D, EV 83.1 MPH)
Batting: LHB Jerry de Leon 0-0: Ground out 6-3 (Groundball, 6, EV 85.6 MPH)
Bottom of the 3rd over - 0 runs, 1 hit, 0 errors, 0 left on base; Washington 1 - Atlanta 0
TOP OF THE 4TH
Washington Nationals batting - Pitching for Atlanta Braves : RHP Josh Jackson
Batting: RHB John Jackson 0-0: Ball
1-0: Swinging Strike
1-1: Swinging Strike
1-2: Ground out U3 (Groundball, 34S, EV 81.2 MPH)
Batting: RHB Jason Chene 0-0: Swinging Strike
0-1: Ball
1-1: Ball
2-1: Ground out 6-3 (Groundball, 6S, EV 82.5 MPH)
Batting: RHB Guillermo Torres 0-0: Ball
1-0: Called Strike
1-1: Swinging Strike
1-2: Strikes out swinging
Top of the 4th over - 0 runs, 0 hits, 0 errors, 0 left on base; Washington 1 - Atlanta 0
BOTTOM OF THE 4TH
Atlanta Braves batting - Pitching for Washington Nationals : RHP Brian Stafford
Batting: SHB Victor Cortes 0-0: Ball
1-0: Ball
2-0: Swinging Strike
2-1: Fly out, F7 (Flyball, 7, EV 84.4 MPH)
Batting: RHB Aaron Moore 0-0: Called Strike
0-1: Ball
1-1: Foul Ball, location: 2F
1-2: Ball
2-2: TRIPLE (Line Drive, 78XD, EV 104.4 MPH)
Batting: LHB Sam Steede 0-0: Called Strike
0-1: Ball
1-1: Ball
2-1: Ball
3-1: Called Strike
3-2: Fly out, F9 (Flyball, 9D, EV 93.8 MPH)
Runner from 3rd tags up, OUT at HOME! 9-2
Bottom of the 4th over - 0 runs, 1 hit, 0 errors, 0 left on base; Washington 1 - Atlanta 0
TOP OF THE 5TH
Washington Nationals batting - Pitching for Atlanta Braves : RHP Josh Jackson
Pitching: RHP Mike Negron
Batting: RHB Sergio Guadiana 0-0: Ball
1-0: Ball
2-0: Fly out, F8 (Flyball, 8LS, EV 85.6 MPH)
Batting: LHB Matt Garrett 0-0: Foul Ball, location: 2F
0-1: Reached via error on a dropped throw from SS, E3 (Groundball, P, EV 86.2 MPH)
Batting: RHB Jesse Ebert 0-0: Foul Ball, location: 2F
0-1: Foul Ball, location: 2F
0-2: Ball
1-2: DOUBLE (Line Drive, 89XD, EV 108.1 MPH)
Matt Garrett to third
Batting: LHB Ryan Levine 0-0: Foul Ball, location: 2F
0-1: Ball
1-1: Foul Ball, location: 2F
1-2: Ground out 3-1 (Groundball, 34, EV 82.5 MPH)
Matt Garrett scores
Jesse Ebert to third
Batting: LHB Brian Priddy 0-0: Ball
1-0: Ground out 6-3 (Groundball, 6MS, EV 63.8 MPH)
Top of the 5th over - 1 run, 1 hit, 1 error, 1 left on base; Washington 2 - Atlanta 0
BOTTOM OF THE 5TH
Atlanta Braves batting - Pitching for Washington Nationals : RHP Brian Stafford
Pitching: RHP Dan Ambrose
Batting: RHB Mike Kelly 0-0: Called Strike
0-1: Called Strike
0-2: Strikes out swinging
Batting: LHB Ron Wilbanks 0-0: Swinging Strike
0-1: Foul Ball, location: 2F
0-2: Ball
1-2: Ball
2-2: Strikes out swinging
Batting: RHB Bobby Sigman 0-0: Ball
1-0: Ball
2-0: Ball
3-0: Base on Balls
Batting: RHB Nimulodi Adebayo 0-0: Called Strike
Bobby Sigman steals 2nd base
0-1: Fly out, F7 (Line Drive, 7, EV 98.8 MPH)
Bottom of the 5th over - 0 runs, 0 hits, 0 errors, 1 left on base; Washington 2 - Atlanta 0
TOP OF THE 6TH
Washington Nationals batting - Pitching for Atlanta Braves : RHP Mike Negron
Batting: LHB Ryan Stump 0-0: Ball
1-0: Foul Ball, location: 2F
1-1: Swinging Strike
1-2: Ball
2-2: Strikes out looking
Batting: RHB John Jackson 0-0: Called Strike
0-1: Ball
1-1: Ball
2-1: Ball
3-1: Ground out 4-3 (Groundball, 4, EV 83.1 MPH)
Batting: RHB Jason Chene 0-0: Hit by Pitch
Batting: RHB Guillermo Torres 0-0: Called Strike
0-1: Foul Ball, location: 2F
0-2: Fly out, F7 (Flyball, 7, EV 95.0 MPH)
Top of the 6th over - 0 runs, 0 hits, 0 errors, 1 left on base; Washington 2 - Atlanta 0
BOTTOM OF THE 6TH
Atlanta Braves batting - Pitching for Washington Nationals : RHP Dan Ambrose
Batting: RHB Willie Aliaga 0-0: Foul Ball, location: 2F
0-1: Ball
1-1: Ball
2-1: Foul Ball, location: 2F
2-2: Ball
3-2: Fly out, F8 (Flyball, 8RXD, EV 88.8 MPH)
Batting: LHB Jerry de Leon 0-0: Swinging Strike
0-1: Ball
1-1: Foul Ball, location: 2F
1-2: Strikes out looking
Batting: SHB Victor Cortes 0-0: Ball
1-0: Ball
2-0: Called Strike
2-1: Swinging Strike
2-2: SINGLE (Line Drive, 34D, EV 98.1 MPH)
Batting: RHB Aaron Moore 0-0: Ball
1-0: Called Strike
1-1: Ball
2-1: Ball
3-1: Called Strike
3-2: DOUBLE (Flyball, 89D, EV 101.2 MPH)
Victor Cortes to third
Victor Cortes scores
Pitching: LHP Matt Daisey
Batting: LHB Sam Steede 0-0: Called Strike
0-1: Foul Ball, location: 2F
0-2: Strikes out swinging
Bottom of the 6th over - 1 run, 2 hits, 0 errors, 1 left on base; Washington 2 - Atlanta 1
TOP OF THE 7TH
Washington Nationals batting - Pitching for Atlanta Braves : RHP Mike Negron
Pitching: RHP Luke Richards
Batting: RHB Sergio Guadiana 0-0: Called Strike
0-1: Ball
1-1: Ball
2-1: Foul Ball, location: 2F
2-2: Ball
3-2: Ground out 1-3 (Groundball, P, EV 65.0 MPH)
Pinch Hitting: RHB Dan Malmstrom 0-0: Ball
1-0: Foul Ball, location: 2F
1-1: Foul Ball, location: 2F
1-2: Ball
2-2: Ball
3-2: Base on Balls
Pinch Hitting: LHB Johnny Lewis 0-0: Ball
1-0: Ball
2-0: Ball
3-0: Base on Balls
Dan Malmstrom to second
Batting: RHB Ricardo Coronel 0-0: Called Strike
0-1: Grounds into double play, 4-6-3 (Groundball, 4, EV 102.5 MPH)
Top of the 7th over - 0 runs, 0 hits, 0 errors, 1 left on base; Washington 2 - Atlanta 1
BOTTOM OF THE 7TH
Atlanta Braves batting - Pitching for Washington Nationals : LHP Matt Daisey
Now in LF: Johnny Lewis
Now in RF: Dan Malmstrom
Batting: RHB Mike Kelly 0-0: Ball
1-0: Ball
2-0: Called Strike
2-1: Foul Ball, location: 2F
2-2: Ball
3-2: Foul Ball, location: 2F
3-2: Strikes out swinging
Batting: LHB Ron Wilbanks 0-0: Called Strike
0-1: Ball
1-1: Swinging Strike
1-2: Strikes out swinging
Batting: RHB Bobby Sigman 0-0: SINGLE (Line Drive, 7S, EV 108.1 MPH)
Batting: RHB Nimulodi Adebayo 0-0: Ball
1-0: Called Strike
1-1: Ball
2-1: Swinging Strike
2-2: Foul Ball, location: 2F
2-2: Foul Ball, location: 2F
2-2: Ground out 6-3 (Groundball, 6, EV 84.4 MPH)
Bottom of the 7th over - 0 runs, 1 hit, 0 errors, 1 left on base; Washington 2 - Atlanta 1
TOP OF THE 8TH
Washington Nationals batting - Pitching for Atlanta Braves : RHP Luke Richards
Pitching: LHP Shane Pearcy
Batting: LHB Brian Priddy 0-0: Foul Ball, location: 2F
0-1: Ball
1-1: Foul Ball, location: 2F
1-2: Fly out, F8 (Line Drive, 8RM, EV 90.0 MPH)
Batting: LHB Ryan Stump 0-0: Called Strike
0-1: Ball
1-1: Foul Ball, location: 2F
1-2: Strikes out swinging
Pitching: RHP Jon Sandoval
Batting: RHB John Jackson 0-0: SINGLE (Groundball, 4D, EV 95.0 MPH)
Batting: RHB Jason Chene 0-0: Ball
1-0: Foul Ball, location: 2F
1-1: Ball
2-1: Called Strike
2-2: SINGLE (Groundball, 6S, EV 73.1 MPH) (infield hit)
John Jackson to second
Batting: RHB Guillermo Torres 0-0: Ball
1-0: Foul Ball, location: 2F
1-1: Ball
2-1: Foul Ball, location: 2F
2-2: Ball
3-2: Base on Balls
John Jackson to third
Jason Chene to second
Batting: RHB Sergio Guadiana 0-0: Ball
1-0: Ball
2-0: Ball
3-0: Called Strike
Balk!
John Jackson scores
Jason Chene to third
Guillermo Torres to second
3-1: Base on Balls
Batting: RHB Dan Malmstrom 0-0: Called Strike
0-1: Ball
1-1: Ball
2-1: Ground out 5-3 (Groundball, 56S, EV 83.8 MPH)
Top of the 8th over - 1 run, 2 hits, 0 errors, 3 left on base; Washington 3 - Atlanta 1
BOTTOM OF THE 8TH
Atlanta Braves batting - Pitching for Washington Nationals : LHP Matt Daisey
Pitching: RHP Josh Burkhart
Batting: RHB Willie Aliaga 0-0: Ball
1-0: Called Strike
1-1: Ball
2-1: Ball
3-1: Called Strike
3-2: DOUBLE (Flyball, 8LD, EV 101.9 MPH)
Batting: LHB Jerry de Leon 0-0: Ball
1-0: Fly out, F7 (Flyball, 7LD, EV 105.0 MPH)
Pinch Hitting: RHB Rob Chatham 0-0: Ball
1-0: Swinging Strike
1-1: Ball
2-1: Fly out, F4 (Flyball, 34D, EV 70.0 MPH)
Pinch Hitting: LHB Donte Washington 0-0: Called Strike
0-1: Foul Ball, location: 2F
0-2: Ball
1-2: Ball
2-2: SINGLE (Flyball, 56D, EV 92.5 MPH)
Willie Aliaga to third
Throwing error, E7
Willie Aliaga scores
Donte Washington to second
Batting: LHB Sam Steede 0-0: Ball
1-0: Foul Ball, location: 2F
1-1: Foul Ball, location: 2F
1-2: Ball
2-2: Ground out 6-3 (Groundball, 6, EV 106.9 MPH)
Bottom of the 8th over - 1 run, 2 hits, 1 error, 1 left on base; Washington 3 - Atlanta 2
TOP OF THE 9TH
Washington Nationals batting - Pitching for Atlanta Braves : RHP Jon Sandoval
Now in LF: Donte Washington
Now in CF: Rob Chatham
Batting: LHB Johnny Lewis 0-0: Ball
1-0: Called Strike
1-1: Ball
2-1: Swinging Strike
2-2: Foul Ball, location: 2F
2-2: Fly out, F9 (Line Drive, 9D, EV 95.0 MPH)
Batting: RHB Ricardo Coronel 0-0: Called Strike
0-1: Called Strike
0-2: Ball
1-2: Foul Ball, location: 2F
1-2: Strikes out swinging
Batting: LHB Brian Priddy 0-0: Called Strike
0-1: Foul Ball, location: 2F
0-2: Ball
1-2: Ball
2-2: Foul Ball, location: 2F
2-2: Foul Ball, location: 2F
2-2: Strikes out looking
Top of the 9th over - 0 runs, 0 hits, 0 errors, 0 left on base; Washington 3 - Atlanta 2
BOTTOM OF THE 9TH
Atlanta Braves batting - Pitching for Washington Nationals : RHP Josh Burkhart
Pitching: LHP Justin Reid
Batting: RHB Fernando Cruz 0-0: Called Strike
0-1: Foul Ball, location: 2F
0-2: Ground out 5-3 (Groundball, 56, EV 108.8 MPH)
Pinch Hitting: LHB Jim Swauger 0-0: Called Strike
0-1: Swinging Strike
0-2: Strikes out swinging
Pinch Hitting: RHB Jay Kozlowski 0-0: Ball
1-0: Called Strike
1-1: Swinging Strike
1-2: Strikes out looking
Bottom of the 9th over - 0 runs, 0 hits, 0 errors, 0 left on base; Washington 3 - Atlanta 2
Thursday, June 3rd , 2021 - OOTP Baseball 22.5 Build 54